 Dungeon Crawl Stone Soup version 0.27.1-3-gb3d3a73c9e (webtiles) character file.

Game seed: 9641631835391530189

41 andesha the Skirmisher (level 3, 0/36 HPs)
             Began as a Minotaur Berserker on Oct 17, 2021.
             Was a Follower of Trog.
             Succumbed to a kobold's poison
             ... on level 2 of the Dungeon.
             The game lasted 00:02:25 (973 turns).

andesha the Skirmisher (Minotaur Berserker)          Turns: 973, Time: 00:02:26

Health: 0/36       AC:  3    Str: 22    XL:     3   Next: 32%
Magic:  2/2        EV: 11    Int:  4    God:    Trog [*.....]
Gold:   50         SH:  0    Dex:  9    Spells: 2/2 levels left

rFire    . . .     SeeInvis .   a - +0 mace
rCold    . . .     Faith    .   (no shield)
rNeg     . . .     Spirit   .   c - +0 leather armour
rPois    .         Reflect  .   (helmet restricted)
rElec    .         Harm     .   (no cloak)
rCorr    .         Rampage  .   (no gloves)
Will     .....                  (no boots)
Stlth    +.........             (no amulet)
HPRegen  0.12/turn              (no ring)
MPRegen  0.08/turn              (no ring)

@: lethally poisoned (0 -> -11), on berserk cooldown, slowed, very slow
A: horns 2, retaliatory headbutt
a: Renounce Religion, Berserk


You were on level 2 of the Dungeon.
You worshipped Trog.
Trog was aware of your devotion.
You visited 1 branch of the dungeon, and saw 2 of its levels.

You collected 50 gold pieces.

Inventory:

Hand Weapons
 a - a +0 mace (weapon)
Armour
 c - a +0 leather armour (worn)
Potions
 e - a potion of degeneration {unknown}
 f - a potion of mutation {unknown}


   Skills:
 * Level 5.0 Fighting
 + Level 3.9 Maces & Flails
 + Level 2.6 Armour
 + Level 2.2 Dodging


You had 2 spell levels left.
You didn't know any spells.
Your spell library was empty.

Dungeon Overview and Level Annotations

Branches:
Dungeon (2/15)

Altars:


Innate Abilities, Weirdness & Mutations

You have a pair of horns on your head.
You reflexively headbutt those who attack you in melee.


Message History

The kobold hits you with a +1 short sword of venom.
You are lethally poisoned!
You are too injured to fight recklessly!
You are too injured to fight recklessly!
Hit: a) +0 mace
Press: ? - help, Dir - move target, f - kobold
Aim: a kobold, wielding a +1 short sword of venom (about 49% to evade your +0 mace)
You hit the kobold.
You kill the kobold!
Trog accepts your kill.
You feel very sick. The adder closely misses you.
Hit: a) +0 mace
Press: ? - help, Dir - move target, f - adder
Aim: an adder (about 60% to evade your +0 mace)
You hit the adder.
The adder is heavily wounded.
* * * LOW HITPOINT WARNING * * *
You feel very sick. The adder bites you but does no damage.
Hit: a) +0 mace
Press: ? - help, Dir - move target, f/p - adder
Aim: an adder (heavily wounded, about 60% to evade your +0 mace)
You thump the adder!
You kill the adder!
Trog accepts your kill.
* * * LOW HITPOINT WARNING * * *
You feel very sick.
Your Fighting skill increases to level 5!
* * * LOW HITPOINT WARNING * * *
You feel sick.
You feel a strong urge to attack something.
* * * LOW HITPOINT WARNING * * *
You feel sick.
* * * LOW HITPOINT WARNING * * *
You feel sick.
You feel your anger nearly subside.
You are no longer berserk.
You are exhausted.
You feel yourself slow down.
You die...

######### ### #.......#
##...## #.......#
.......####.).....#
......)@..'.......######
#....#†####.......#....#
#.. #. ##...#.##....# #
#. #.).#.)#....# #.
#...##.#....# ..
#...##...>..# ..
+...''....... ##
#.(.##.)..... #..
###.....


There were no monsters in sight!

Vanquished Creatures
  2 adders (D:2)
  2 endoplasms
  A giant cockroach (D:2)
  2 goblins
  A hobgoblin (D:1)
  A jackal (D:1)
  3 kobolds
  2 quokkas (D:1)
  3 ball pythons
  2 bats (D:1)
  A frilled lizard (D:1)
  3 rats (D:1)
23 creatures vanquished.

Notes
Turn   | Place    | Note
-------+----------+-------------------------------------------
     0 | D:1      | andesha the Minotaur Berserker began the quest for the Orb.
     0 | D:1      | Reached XP level 1. HP: 19/19 MP: 0/0
   207 | D:1      | Reached skill level 4 in Fighting
   338 | D:1      | Reached XP level 2. HP: 27/27 MP: 1/1
   965 | D:2      | Reached XP level 3. HP: 25/35 MP: 2/2
   970 | D:2      | Reached skill level 5 in Fighting
   973 | D:2      | Succumbed to a kobold's poison

Illustrated notes

Levels and vault maps discovered:
D:1:      dpeg_arrival_brainrot, layout_basic, minmay_misc_feat_rows,
          kennysheep_crisscross
D:2:      layout_basic, serial_shops, shop

Skill      XL: |  1  2  3 |
---------------+----------+-----
Fighting       | 4 5 |  5.0
Maces & Flails | |  3.9
Armour         | |  2.6
Dodging        | |  2.2

Action                   || total
-------------------------++-------
Melee: Mace              ||    41
       Headbutt          ||     8
Invok: Berserk           ||     1
  Use: Scroll            ||     2
 Stab: Sleeping          ||     1
Armor: Animal skin       ||     6
       Leather armour    ||     4
Dodge: Dodged            ||    30
